Map: [TLMC15] Berlingrad

Players

Scarlett - Winner!

  • Race: Zerg Zerg

Trap

  • Race: Protoss Protoss

Event: DreamHack SC2 Masters 2021 Winter

VOD

Have the link to the VOD?

Description

Time

  • Played on: Nov. 9, 2021, 10:25 a.m.
  • Length: 9:04

All games in this series

Show
View Real Time Build Order
Export as new Build Order

Scarlett Zerg - Winner!

Build Orders: Hatch First 

Get SALT Encoding   

  12  0:00  Drone  
  13  0:12  Overlord  
  13  0:17  Drone  
  14  0:30  Drone x2  
  16  0:39  Drone  
  17  0:51  Hatchery  
  17  0:54  Drone  
  17  0:57  Drone  
  18  1:08  Extractor  
  17  1:12  Spawning Pool  
  17  1:16  Drone  
  17  1:19  Drone  
  18  1:27  Drone  
  19  1:39  Drone  
  20  1:50  Overlord  
  20  1:59  Queen  
  22  2:03  Queen  
  22  2:04  Drone, Zergling x2  
  26  2:12  Metabolic Boost  
  26  2:15  Drone x2  
  28  2:24  Drone  
  28  2:28  Drone  
  30  2:34  Hatchery  
  29  2:39  Drone x2  
  31  2:44  Queen  
  31  2:49  Overlord  
  33  2:51  Drone  
  33  2:55  Drone  
  35  2:59  Drone  
  35  3:04  Overlord  
  36  3:11  Drone x4  
  40  3:13  Drone x2  
  40  3:17  Queen  
  44  3:24  Drone  
  44  3:25  Extractor  
  44  3:26  Drone  
  45  3:30  Roach Warren  
  44  3:35  Drone x3  
  47  3:43  Drone x2  
  47  3:47  Overlord  
  47  3:48  Overlord  
  49  3:50  Zergling x4  
  51  3:58  Zergling x2  
  51  3:59  Zergling x8  
  56  4:11  Roach x3  
  62  4:18  Zergling x8  
  62  4:24  Overlord  
  66  4:27  Overlord  
  66  4:30  Overlord  
  66  4:32  Ravager x2, Drone  
  66  4:33  Drone x4  
  73  4:40  Ravager  
  71  4:50  Zergling x6  
  69  4:59  Zergling x16  
  70  5:07  Lair  
  70  5:09  Drone  
  70  5:10  Drone x5  
  70  5:12  Extractor  
  70  5:13  Extractor  
  72  5:23  Drone x3, Overlord  
  71  5:38  Drone x8  
  76  5:44  Drone x4  
  76  5:48  Drone x2  
  81  5:54  Drone x4  
  84  5:59  Drone  
  83  6:05  Drone x2, Glial Reconstitution  
  83  6:10  Roach x3  
  91  6:15  Roach x3  
  97  6:21  Overlord  
  97  6:23  Overlord  
  96  6:26  Overlord  
  95  6:33  Overlord x2  
  95  6:34  Drone x2  
  97  6:43  Drone  
  97  6:44  Drone x5  
  97  6:46  Roach x2, Extractor  
  104  6:47  Ravager x3  
  104  6:48  Ravager x3  
  104  6:53  Drone  
  110  6:55  Extractor  
  110  6:57  Roach x5  
  119  7:03  Roach x3  
  119  7:06  Overlord x4  
  125  7:14  Overlord  
  123  7:25  Roach x6  
  131  7:33  Roach x5  
  131  7:34  Queen  
  131  7:35  Queen  
  140  7:43  Roach x5  
  149  7:51  Roach x2  
  148  7:57  Roach x7  
  159  8:01  Overseer  
  159  8:03  Roach  
  161  8:07  Ravager x2  
  161  8:08  Ravager  
  161  8:09  Roach x2  
  170  8:13  Roach  
  166  8:21  Ravager  
  152  8:30  Roach x8  
  168  8:39  Roach x2  
Show
View Real Time Build Order
Export as new Build Order

Trap Protoss 

Build Orders: 1 Gate Expand, Mass Adepts 

Get SALT Encoding   

  12  0:00  Probe  
  13  0:14  Pylon  
  13  0:18  Probe (Chrono Boost)  
  14  0:27  Probe (Chrono Boost)  
  15  0:32  Probe (Chrono Boost)  
  16  0:41  Gateway  
  16  0:44  Probe  
  17  0:50  Assimilator  
  17  0:56  Probe  
  18  1:08  Probe  
  19  1:20  Probe  
  20  1:25  Nexus  
  20  1:35  Cybernetics Core  
  20  1:39  Probe  
  21  1:47  Assimilator  
  21  1:51  Probe  
  22  1:55  Pylon  
  22  2:03  Probe (Chrono Boost)  
  23  2:12  Warp Gate  
  23  2:13  Stalker  
  26  2:15  Probe (Chrono Boost)  
  26  2:23  Probe (Chrono Boost)  
  26  2:25  Twilight Council  
  27  2:32  Probe (Chrono Boost)  
  28  2:37  Probe (Chrono Boost)  
  28  2:43  Adept  
  32  2:46  Probe (Chrono Boost)  
  32  2:47  Probe (Chrono Boost)  
  33  2:51  Probe (Chrono Boost)  
  33  2:54  Robotics Facility  
  33  2:56  Probe  
  35  3:04  Probe  
  36  3:08  Resonating Glaives (Chrono Boost)  
  36  3:09  Probe  
  36  3:10  Gateway  
  37  3:17  Adept  
  39  3:20  Probe  
  39  3:21  Probe  
  41  3:30  Gateway  
  42  3:34  Probe x2  
  42  3:39  Warp Prism (Chrono Boost)  
  43  3:47  Pylon  
  45  3:49  Probe  
  46  3:55  Pylon  
  46  4:05  Adept  
  46  4:06  Adept  
  46  4:08  Probe x2  
  52  4:11  Robotics Bay, Observer  
  53  4:18  Shield Battery  
  53  4:21  Assimilator  
  53  4:25  Pylon  
  53  4:26  Adept  
  53  4:27  Adept x2  
  59  4:35  Probe x2  
  59  4:36  Assimilator  
  59  4:37  Pylon  
  57  4:57  Adept x3  
  57  4:59  Disruptor (Chrono Boost)  
  59  5:06  Gravitic Drive  
  62  5:08  Probe x2  
  62  5:12  Gateway, Pylon  
  62  5:14  Gateway  
  60  5:22  Adept  
  60  5:23  Adept x2  
  66  5:30  Disruptor (Chrono Boost)  
  69  5:40  Gateway  
  67  5:45  Gateway  
  65  5:50  Adept x3  
  71  6:06  Colossus (Chrono Boost)  
  77  6:12  Pylon  
  77  6:16  Adept  
  77  6:17  Adept x2  
  83  6:22  Probe x2  
  85  6:35  Sentry x2  
  89  6:42  Stalker x2  
  89  6:44  Pylon  
  92  6:47  Pylon  
  92  6:48  Pylon  
  92  6:57  Zealot  
  94  7:03  Stalker x4  
  94  7:06  Stalker x2  
  102  7:24  Disruptor (Chrono Boost)  
  98  7:31  Stalker x4  
  99  7:38  Nexus  
  85  7:57  Disruptor (Chrono Boost)  
  84  8:00  Pylon  
  84  8:05  Probe x2  
  86  8:09  Forge  
  86  8:17  Probe x2  
  87  8:21  Disruptor (Chrono Boost)  
  87  8:31  Stalker x4  
  87  8:32  Zealot x3  
  95  8:34  Shield Battery  
  75  8:56  Zealot x3  
  75  8:57  Zealot  

Tags
 
Add a new tag
Caveats
  • Supply blocks, unpowered buildings, or Contaminate may cause inaccurate times.
  • Supply counts are checked every 10 seconds.